 Dungeon Crawl Stone Soup version bcrawl-1.14 (webtiles) character file.

Game seed: 5872276225248090923

24399 MisterOstroum the Covert (level 12, -6/63 HPs)
             Began as a Spriggan Rogue on Sept 10, 2019.
             Was a Priest of Sif Muna.
             Killed from afar by an electric eel (13 damage)
             ... with a bolt of electricity
             ... on level 2 of the Lair of Beasts on Sept 11, 2019.
             The game lasted 03:01:49 (21655 turns).

MisterOstroum the Covert (Spriggan Rogue)          Turns: 21655, Time: 03:01:50

Health: -6/63      AC:  5    Str:  7    XL:     12   Next: 80%
Magic:  25/25      EV: 30    Int: 16    God:    Sif Muna [***...]
Gold:   1006       SH:  0    Dex: 19    Spells: 10/27 levels left

rFire    . . .     SeeInvis +   a - +1 dagger (venom)
rCold    . . .     Gourm    .   (shield restricted)
rNeg     . . .     Faith    .   c - +0 robe
rPois    .         Spirit   .   (helmet restricted)
rElec    .         Reflect  .   G - +2 cloak
rCorr    .         Harm     .   (gloves unavailable)
MR       ++...                  (boots unavailable)
Stlth    ++++++....             (no amulet)
HPRegen  0.20/turn              z - +1 ring of evasion
MPRegen  0.19/turn              X - ring of flight

@: very quick
A: very small, unfitting armour, see invisible, herbivore, speed 3, slow
metabolism 2
a: Divine Energy, Channel Magic, Renounce Religion, Evoke Flight


You were on level 2 of the Lair of Beasts.
You worshipped Sif Muna.
Sif Muna was most pleased with you.
You were very hungry.

You visited 3 branches of the dungeon, and saw 14 of its levels.

You collected 1006 gold pieces.

Inventory:

Hand Weapons
 a - a +1 dagger of venom (weapon)
 b - a +0 blowgun
 w - a +0 spear
 K - a +0 rapier
Missiles
 j - 2287 stones (quivered)
 F - 130 poisoned needles
 M - 252 tomahawks
 O - 10 curare-tipped needles
Armour
 c - a +0 robe (worn)
 G - a +2 cloak (worn)
Magical Staves
 T - an uncursed staff of cold
Jewellery
 p - an uncursed ring of protection from fire
 s - an uncursed ring of fire
 z - a +1 ring of evasion (left hand)
 S - an uncursed ring of magical power
 X - a ring of flight (right hand)
Wands
 f - a wand of flame (27)
 g - a wand of enslavement (9)
 y - a wand of scattershot (3)
 B - a wand of iceblast (8)
 H - a wand of disintegration (11)
 I - a wand of digging (16)
 L - a wand of polymorph (11)
 U - a wand of acid (6)
 W - a wand of paralysis (10)
Scrolls
 h - 2 scrolls of fog {!r}
 i - 3 scrolls of magic mapping
 k - 4 scrolls of teleportation {@r3 !r}
 l - 2 scrolls of amnesia
 m - 2 scrolls of blinking {unknown}
 n - 5 scrolls of remove curse {@r2}
 A - 2 scrolls of enchant weapon {unknown}
 D - 3 scrolls of noise {unknown}
 J - a scroll of fear {!r}
 N - a scroll of immolation
 Z - a scroll of vulnerability {unknown}
Potions
 q - 3 potions of mutation
 r - 4 potions of agility {@q5 !q}
 t - 2 potions of lignification
 u - a potion of brilliance
 v - 2 potions of magic
 x - 3 potions of haste {@q4 !q}
 C - a potion of degeneration {unknown}
 Q - a potion of flight
 R - 5 potions of curing {@q1 !q}
 Y - a potion of cancellation
Miscellaneous
 o - a phial of floods
Comestibles
 e - 17 rations {!d}


   Skills:
 - Level 7.0 Fighting
 - Level 10.0 Short Blades
 - Level 3.0 Throwing
 - Level 12.0 Dodging
 + Level 14.8 Stealth
 - Level 8.0 Spellcasting
 + Level 10.7 Hexes
 - Level 3.1 Transmutations
 - Level 2.0 Fire Magic
 + Level 2.2 Invocations
 - Level 8.0 Evocations


You had 10 spell levels left.
You knew the following spells:

 Your Spells              Type           Power        Failure   Level  Hunger
a - Slow                  Hex            #####...     1%          1    None
b - Passwall              Tmut/Erth      ##......     9%          2    None
c - Corona                Hex            #####..      1%          1    None
d - Shackle               Hex            #####...     1%          2    None
e - Inner Flame           Hex/Fire       N/A          2%          3    ##.....
f - Yara's Violent Unrav  Hex/Tmut       ####......   6%          4    ####...
F - Cause Fear            Hex            #####.....   1%          4    ####...

Your spell library contained the following spells:

 Spells                   Type           Power        Failure   Level  Hunger
 Beastly Appendage        Tmut           ###...       3%          1    None
 False Image              Hex/Summ       ###.....     3%          3    ##.....
 Leda's Liquefaction      Hex/Erth       ###.......   3%          3    ##.....
 Recall                   Summ/Tloc      N/A          32%         3    ##.....
 Silence                  Hex/Air        ###.......   34%         5    #####..
 Summon Mana Viper        Hex/Summ       ###.....     34%         5    #####..
 Ice Form                 Ice/Tmut       ##......     52%         4    ####...
 Aura of Abjuration       Summ           #.........   97%         5    #####..
 Summon Demon             Summ           #.........   97%         5    #####..
 Summon Forest            Summ/Tloc      #.........   97%         5    #####..
 Shadow Creatures         Summ           N/A          100%        6    #######


Dungeon Overview and Level Annotations

Branches:
Dungeon (8/12)             Temple (1/1) D:5            Lair (5/6) D:7
  Swamp (0/3) Lair:3        Snake (0/3) Lair:4
  Slime: Lair:5-6       Orc: D:8-11

Altars:
Ashenzari
Cheibriados
Elyvilon
Fedhas
Gozag
Hepliaklqana
Kikubaaqudgha
Lugonu
Makhleb
Nemelex Xobeh
Okawaru
Qazlal
Ru
Sif Muna
Trog
Uskayaw
Vehumet
Wu Jian
Xom
Yredelemnul
Zin
The Shining One

Annotations:
D:8 exclusion: 3 killer bees, Grum, Maurice
Lair:2 exclusions: door and 18 more exclusions
Lair:3 exclusion: door


Innate Abilities, Weirdness & Mutations

You are very small and have problems with some larger weapons.
You are too small for most types of armour.
You have supernaturally acute eyesight. (SInv)
You are a herbivore.
You cover ground extremely quickly.
You need to consume almost no food.


Message History

The komodo dragon looks as sick as possible!
The komodo dragon is moderately wounded.
The komodo dragon stops glowing.
The komodo dragon completely misses you.
Casting: Corona (safe; 1% risk of failure)
Confirm with . or Enter, or press ? or * to list all spells.
Aiming: Shackle (safe; 1% risk of failure)
Press: ? - help, Shift-Dir - straight line, f/p - komodo dragon
Aim: a komodo dragon (heavily wounded, slow, poisoned, chance to defeat MR: 61%)
The komodo dragon resists with significant effort.
Casting: Shackle (safe; 1% risk of failure)
Confirm with . or Enter, or press ? or * to list all spells.
Aiming: Shackle (safe; 1% risk of failure)
Press: ? - help, Shift-Dir - straight line, f/p - komodo dragon
Aim: a komodo dragon (heavily wounded, slow, poisoned, chance to defeat MR: 61%)
The komodo dragon is shackled.
The komodo dragon bites you!!
Casting: Shackle (safe; 1% risk of failure)
Confirm with . or Enter, or press ? or * to list all spells.
Aiming: Inner Flame (safe; 2% risk of failure)
Press: ? - help, Shift-Dir - straight line, f/p - komodo dragon
Aim: a komodo dragon (heavily wounded, slow, poisoned, shackled)
The komodo dragon is filled with an inner flame.
Casting: Inner Flame (safe; 2% risk of failure)
Confirm with . or Enter, or press ? or * to list all spells.
Aiming: Slow (safe; 1% risk of failure)
Press: ? - help, Shift-Dir - straight line, f - rime drake, p - komodo dragon
Aim: a rime drake (chance to defeat MR: 76%)
Okay, then.
The rime drake breathes ice at you. The flash freeze hits you!
* * * LOW HITPOINT WARNING * * *
You are encased in ice.
Okay, then.
Really quaff
d - 3 potions of heal wounds {@q2 !q}?
You feel much better. The ice encasing you melts away.
The rime drake breathes ice at you. The flash freeze misses you.
There is a stone staircase leading up here.
You climb upwards.
There is a stone staircase leading down here.
(D) Dungeon (T) Temple (L) Lair (S) Swamp (P) Snake Pit
Where to? (Enter - Lair:5, ? - help)
There is a stone staircase leading up, spattered with blood here.
You climb upwards.
Level annotation: exclusion: door
There is a stone staircase leading down here.
There is a stone staircase leading up here.
You start resting.
Magic restored.
You are feeling very hungry.
You climb upwards.
Level annotation: exclusions: door and 18 more exclusions
Found 39 gold pieces, a great sword and a ring mail.
There is a stone staircase leading down here.
Unknown command.
Unknown command.
You now have 988 gold pieces (gained 21).
You now have 1006 gold pieces (gained 18).
The electric eel shoots out a bolt of lightning at you!
The bolt of electricity hits you!
You start resting.
HP restored.
Really walk into a travel-excluded area?
You see here a great sword.
Found 169 stones.
The electric eel shoots out a bolt of lightning at you!
The bolt of electricity hits you!
The electric eel shoots out a bolt of lightning at you!
The bolt of electricity hits you!
The electric eel shoots out a bolt of lightning at you!
The bolt of electricity hits you!
The electric eel shoots out a bolt of lightning at you!
The bolt of electricity hits you!
The electric eel shoots out a bolt of lightning at you!
The bolt of electricity hits you!
* * * LOW HITPOINT WARNING * * *
Really quaff
d - 2 potions of heal wounds {@q2 !q}?
You feel much better.
The electric eel shoots out a bolt of lightning at you!
The bolt of electricity hits you!
The electric eel shoots out a bolt of lightning at you!
The bolt of electricity hits you!
The electric eel shoots out a bolt of lightning at you!
The bolt of electricity hits you!
* * * LOW HITPOINT WARNING * * *
The electric eel shoots out a bolt of lightning at you!
The bolt of electricity hits you!
* * * LOW HITPOINT WARNING * * *
Really quaff
d - a potion of heal wounds {@q2 !q}?
You feel much better.
The electric eel shoots out a bolt of lightning at you!
The bolt of electricity hits you!
The electric eel shoots out a bolt of lightning at you!
The bolt of electricity hits you!
* * * LOW HITPOINT WARNING * * *
The electric eel shoots out a bolt of lightning at you!
The bolt of electricity hits you!
You die...

**###.##.#≈♣♣♣≈≈;.≈≈≈≈P♣ #......
#.,*##≈≈≈≈≈;≈(≈≈≈≈♣* ####.#.
#.,***♣≈≈≈≈≈≈.≈P≈≈♣♣# **###.
#*,,≈≈≈≈≈≈≈≈≈.≈≈≈♣P≈# **,**##
*,,≈≈≈≈≈≈≈≈≈.≈P≈≈#****,,,,,,
**,,*≈≈P≈≈P≈.≈≈♣.###*,,,,,,,
***,+,*≈≈≈≈≈≈≈.≈≈.....,,,,,,,Y *
*,,,,,,.♣♣≈♣♣......#P.,,,,,,,.
****,,,,,,,,###.@...[.+,.**,,,,,.
,,,,,,,,,,+,* #.).....##**,,,,,,Y
,**,,,,,,,*** #.......P# **,,,,,.
****,,,,,,,* #...>...## *,,,,,, *
*,,,,,,,* #........# **,,,,,, *
*,,,,,,,* #.......## *,,,,,,,
*,******* #........# **,,,,,, ***
####.P#### *****,, #### ***


You could see an electric eel.

Vanquished Creatures
  5 hydras
  A death yak (Lair:3)
  Urug (Lair:3)
  Sonja (Lair:1)
  2 black mambas (Lair:4)
  A torpor snail (Lair:3)
  4 cane toads
  A rime drake (Lair:2)
  7 komodo dragons
  A dream sheep (Lair:3)
  9 blink frogs
  4 hippogriffs
  32 yaks
  A wyvern (Lair:4)
  A basilisk (Lair:4)
  2 insubstantial wisps (Lair:3)
  11 porcupines
  12 water moccasins
  5 hounds
  4 orc warriors
  A sky beast (D:6)
  2 ogres
  3 ice beasts
  19 wolves
  A black bear (D:7)
  A necrophage (D:7)
  A centaur (D:7)
  9 crocodiles
  6 bullfrogs
  3 electric eels (Lair:2)
  A howler monkey (D:3)
  A centaur zombie (D:7)
  A gnoll shaman (D:5)
  4 orc wizards
  3 orc priests
  2 bullfrog skeletons
  An iguana (D:7)
  5 worker ants
  3 hound zombies
  A hound skeleton (D:2)
  A worker ant zombie (D:5)
  6 gnolls
  20 adders
  A howler monkey skeleton (D:4)
  5 river rats (D:5)
  An ooze (D:2)
  An adder zombie (D:5)
  8 worms
  3 dart slugs
  6 leopard geckos
  30 orcs
  2 giant cockroaches (D:1)
  7 goblins
  10 hobgoblins
  15 jackals
  4 quokkas
  5 ball pythons
  5 bats
  7 frilled lizards
  11 kobolds
  7 rats
328 creatures vanquished.

Vanquished Creatures (collateral kills)
  An ice beast (D:4)
  A gnoll (D:3)
2 creatures vanquished.

Vanquished Creatures (others)
  13 fungi
  11 plants
24 creatures vanquished.

Grand Total: 354 creatures vanquished

Notes
Turn   | Place    | Note
-------+----------+-------------------------------------------
     0 | D:1      | MisterOstroum the Spriggan Rogue began the quest for the
                  | Orb.
     0 | D:1      | Reached XP level 1. HP: 10/10 MP: 3/3
   326 | D:1      | Reached XP level 2. HP: 15/15 MP: 5/5
   986 | D:1      | Reached XP level 3. HP: 15/18 MP: 6/6
  1386 | D:2      | Reached skill level 1 in Dodging
  1663 | D:2      | Found a snail-covered altar of Cheibriados.
  1677 | D:2      | Reached XP level 4. HP: 15/23 MP: 7/7
  2207 | D:2      | Reached skill level 5 in Short Blades
  2411 | D:2      | Reached skill level 7 in Stealth
  2702 | D:3      | Reached XP level 5. HP: 26/26 MP: 8/8
  2719 | D:3      | Noticed an ice beast
  2726 | D:3      | Found a transporter.
  2738 | D:3      | Noticed a water moccasin
  2739 | D:3      | Found a radiant altar of Vehumet.
  2795 | D:3      | Found a transporter.
  3576 | D:3      | Found a faded altar of an unknown god.
  3931 | D:3      | Reached XP level 6. HP: 26/32 MP: 9/9
  4130 | D:4      | Noticed an ice beast
  4173 | D:4      | Killed an ice beast
  4742 | D:3      | Reached skill level 1 in Throwing
  5614 | D:4      | Reached XP level 7. HP: 36/36 MP: 11/11
  5629 | D:5      | Entered Level 5 of the Dungeon
  5648 | D:5      | Found a staircase to the Ecumenical Temple.
  5654 | Temple   | Entered the Ecumenical Temple
  5863 | Temple   | Became a worshipper of Sif Muna the Loreminder
  5910 | D:5      | Found an opulent altar of Gozag.
  5911 | D:5      | Found a shattered altar of Ashenzari.
  5911 | D:5      | Found a white marble altar of Elyvilon.
  6645 | D:6      | Reached skill level 5 in Evocations
  6758 | D:5      | Reached skill level 8 in Stealth
  6867 | D:5      | Reached skill level 1 in Spellcasting
  7222 | D:5      | Found a burning altar of Makhleb.
  7223 | D:5      | Found an ancient bone altar of Kikubaaqudgha.
  7223 | D:5      | Found a glowing silver altar of Zin.
  8244 | D:5      | Reached skill level 9 in Stealth
  8244 | D:5      | Reached XP level 8. HP: 34/40 MP: 12/12
  9548 | D:6      | Found an ornate altar of the Wu Jian Council.
  9713 | D:6      | Reached skill level 10 in Stealth
  9846 | D:7      | Reached skill level 5 in Fighting
 10092 | D:7      | Reached * piety under Sif Muna
 10203 | D:7      | Identified Sif Muna's Volume of Beguiling and Moulding (Sif
                  | Muna gifted it to you on level 7 of the Dungeon)
 10203 | D:7      | Received a gift from Sif Muna
 10225 | D:7      | Learned a level 1 spell: Slow
 10230 | D:7      | Learned a level 4 spell: Cause Fear
 10473 | D:7      | Reached skill level 1 in Hexes
 10739 | D:7      | Reached XP level 9. HP: 47/47 MP: 14/14
 11001 | D:7      | Found a shimmering altar of Xom.
 11026 | D:7      | Found a staircase to the Lair.
 11633 | D:8      | Noticed Grum
 11647 | D:8      | Reached skill level 5 in Hexes
 11675 | D:7      | Reached skill level 5 in Spellcasting
 11827 | D:8      | Noticed Maurice
 11874 | D:8      | Reached skill level 5 in Dodging
 12062 | D:8      | Found a corrupted altar of Lugonu.
 12070 | D:8      | Noticed a skeletal warrior
 12071 | D:8      | Noticed a skeletal warrior
 12216 | Lair:1   | Entered Level 1 of the Lair of Beasts
 12216 | Lair:1   | Noticed Sonja
 12219 | Lair:1   | Killed Sonja
 12219 | Lair:1   | Reached ** piety under Sif Muna
 12219 | Lair:1   | Received a gift from Sif Muna
 12219 | Lair:1   | Reached XP level 10. HP: 51/51 MP: 19/21
 12245 | Lair:1   | Noticed a cane toad
 13048 | Lair:1   | Noticed a cane toad
 13079 | Lair:1   | Killed a cane toad
 13393 | Lair:1   | Noticed a cane toad
 13430 | Lair:1   | Killed a cane toad
 13478 | Lair:1   | Reached skill level 11 in Stealth
 13788 | Lair:1   | Reached skill level 10 in Dodging
 13788 | Lair:1   | Reached XP level 11. HP: 53/55 MP: 24/24
 14197 | Lair:1   | Reached skill level 12 in Stealth
 14583 | D:3      | Learned a level 2 spell: Passwall
 15366 | Lair:2   | Noticed a death yak
 15366 | Lair:2   | Noticed a death yak
 15379 | Lair:2   | Noticed a death yak
 15379 | Lair:2   | Noticed a death yak
 15380 | Lair:2   | Noticed a death yak
 17595 | Lair:2   | Noticed a death yak
 17914 | Lair:3   | Noticed a seven-headed hydra
 17917 | Lair:3   | Killed a seven-headed hydra
 17917 | Lair:3   | Received a gift from Sif Muna
 17921 | Lair:3   | Learned a level 1 spell: Corona
 17924 | Lair:3   | Learned a level 2 spell: Shackle
 17928 | Lair:3   | Learned a level 3 spell: Inner Flame
 17933 | Lair:3   | Learned a level 4 spell: Yara's Violent Unravelling
 17949 | Lair:3   | Noticed Urug
 17956 | Lair:3   | Killed Urug
 17956 | Lair:3   | Reached skill level 10 in Hexes
 17981 | Lair:3   | Reached skill level 10 in Short Blades
 18083 | Lair:3   | Reached skill level 1 in Transmutations
 18169 | Lair:3   | Reached XP level 12. HP: 42/60 MP: 16/25
 18185 | Lair:3   | Noticed a seven-headed hydra
 18419 | Lair:3   | Reached skill level 1 in Fire Magic
 18524 | Lair:3   | Found a staircase to the Swamp.
 18558 | Lair:3   | Killed a seven-headed hydra
 18558 | Lair:3   | Reached skill level 13 in Stealth
 18854 | Lair:3   | Noticed a death yak
 18858 | Lair:3   | Killed a death yak
 18909 | Lair:3   | Noticed a death yak
 19059 | Lair:4   | Reached *** piety under Sif Muna
 19072 | Lair:4   | Noticed a five-headed hydra
 19103 | Lair:4   | Noticed a six-headed hydra
 19326 | Lair:4   | Noticed a four-headed hydra
 19366 | Lair:3   | Reached skill level 14 in Stealth
 19786 | Lair:4   | Killed a six-headed hydra
 19890 | Lair:4   | Killed a five-headed hydra
 19890 | Lair:4   | Killed a four-headed hydra
 20151 | Lair:4   | Reached skill level 1 in Invocations
 20555 | Lair:4   | Found a staircase to the Snake Pit.
 20879 | Lair:4   | Found the +8 whip "Snakebite" {curare, rPois}
 21655 | Lair:2   | Killed from afar by an electric eel

Skill      XL: |  1  2  3  4  5  6  7  8  9 10 11 12 |
---------------+-------------------------------------+-----
Fighting       | 2 3 5 7 |  7.0
Short Blades   | 3 4 5 6 7 8 10 | 10.0
Dodging        | 2 4 6 10 12 | 12.0
Stealth        | 7 9 10 11 12 14 | 14.8
Evocations     | 3 4 5 6 8 |  8.0
Throwing       | 2 3 |  3.0
Spellcasting   | 2 7 8 |  8.0
Hexes          | 2 6 8 10 | 10.7
Transmutations | 2 3 |  3.1
Fire Magic     | 2 |  2.0
Invocations    | 2 |  2.2

Action                   |  1- 3 |  4- 6 |  7- 9 | 10-12 || total
-------------------------+-------+-------+-------+-------++-------
Melee: Dagger            |   142 |   204 |   391 |   524 ||  1261
       Spear             |       |     5 |       |     6 ||    11
       Rapier            |       |       |    16 |    55 ||    71
 Fire: Blowgun           |    34 |    46 |    48 |   253 ||   381
Throw: Stone             |     6 |    50 |   105 |    12 ||   173
       Tomahawk          |       |       |       |    58 ||    58
 Cast: Slow              |       |       |    12 |   163 ||   175
       Cause Fear        |       |       |       |     2 ||     2
       Inner Flame       |       |       |       |     7 ||     7
       Corona            |       |       |       |     8 ||     8
       Shackle           |       |       |       |     6 ||     6
Evoke: Wand              |     3 |    17 |       |    21 ||    41
  Use: Scroll            |       |     8 |       |    13 ||    21
       Potion            |       |       |       |     5 ||     5
 Stab: Sleeping          |     5 |    20 |    17 |    31 ||    73
       Betrayed ally     |       |     1 |       |       ||     1
       Distracted        |       |       |     3 |     3 ||     6
       Invisible         |       |       |       |     3 ||     3
  Eat: Ration            |       |     1 |     2 |     2 ||     5
Armor: Robe              |    12 |    12 |    24 |    13 ||    61
Dodge: Dodged            |    87 |   107 |   297 |   312 ||   803
